Map: Cerulean Fall LE

Players

LiquidTLO (TLO) - Winner!

  • Race: Zerg Zerg
  • Spawn Location: 1:00

ElegancE

  • Race: Protoss Protoss
  • Spawn Location: 7:00

Event: WCS Montreal 2018

VOD

Have the link to the VOD?

Description

Time

  • Played on: Sept. 7, 2018, 12:28 p.m.
  • Length: 8:06

All games in this series

Show
View Real Time Build Order
Export as new Build Order

LiquidTLO Zerg - Winner!

Build Orders: Hatch First 

Get SALT Encoding   

  12  0:01  Drone  
  13  0:07  Drone  
  14  0:17  Overlord  
  14  0:35  Drone  
  15  0:36  Drone  
  16  0:49  Hatchery  
  15  0:51  Drone  
  15  0:56  Drone  
  17  0:59  Drone  
  18  1:07  Extractor  
  17  1:16  Spawning Pool  
  16  1:19  Drone  
  16  1:23  Drone  
  18  1:29  Drone  
  19  1:42  Overlord  
  19  2:02  Zergling x2  
  19  2:03  Zergling x2, Queen x2  
  25  2:09  Metabolic Boost  
  25  2:14  Drone  
  27  2:15  Drone  
  27  2:19  Drone  
  27  2:22  Drone  
  29  2:24  Drone  
  30  2:33  Drone  
  31  2:43  Hatchery  
  30  2:48  Queen  
  32  2:56  Overlord  
  32  2:57  Drone  
  33  2:59  Drone  
  33  3:04  Drone  
  35  3:05  Overlord  
  35  3:08  Drone  
  35  3:10  Drone  
  36  3:16  Drone  
  36  3:19  Zergling x6  
  39  3:22  Overlord  
  39  3:25  Overlord  
  39  3:28  Drone  
  39  3:33  Queen  
  42  3:35  Drone  
  42  3:38  Drone  
  44  3:42  Drone  
  44  3:47  Extractor, Drone x2  
  46  3:48  Drone  
  46  3:49  Drone  
  46  3:50  Drone  
  49  3:57  Roach Warren  
  49  3:59  Drone  
  49  4:01  Drone  
  49  4:03  Drone  
  49  4:08  Drone  
  50  4:11  Overlord  
  50  4:12  Drone  
  50  4:13  Drone  
  50  4:16  Drone x2  
  54  4:17  Drone  
  54  4:19  Drone x2  
  54  4:21  Drone  
  57  4:26  Lair  
  57  4:31  Drone  
  58  4:33  Drone  
  58  4:35  Extractor  
  58  4:36  Extractor, Drone  
  58  4:39  Roach  
  58  4:40  Spore Crawler x2  
  58  4:42  Spore Crawler  
  58  4:45  Roach  
  59  4:48  Roach x2  
  59  4:51  Roach  
  59  4:52  Roach  
  67  4:55  Roach  
  67  4:57  Roach  
  67  4:59  Zergling x2  
  73  5:00  Drone, Zergling x2  
  73  5:03  Drone  
  73  5:05  Roach  
  73  5:07  Overlord  
  77  5:08  Drone  
  77  5:12  Overlord  
  77  5:14  Drone  
  77  5:18  Drone  
  77  5:19  Drone x2  
  80  5:21  Drone  
  80  5:22  Drone  
  80  5:27  Drone, Glial Reconstitution  
  83  5:29  Drone  
  83  5:30  Drone  
  83  5:32  Drone  
  83  5:33  Drone  
  87  5:36  Overseer  
  87  5:38  Drone  
  87  5:39  Drone  
  89  5:45  Drone x3  
  89  5:46  Evolution Chamber x2  
  90  5:50  Drone x2  
  90  5:52  Drone  
  90  5:56  Drone  
  93  6:01  Extractor x2, Overlord x3  
  93  6:03  Drone  
  93  6:04  Drone  
  93  6:05  Roach  
  93  6:06  Roach  
  93  6:08  Overlord  
  97  6:17  Ravager  
  98  6:19  Overlord  
  98  6:21  Ravager x2  
  98  6:22  Ravager x2  
  98  6:23  Roach x2  
  98  6:25  Roach  
  107  6:28  Overlord  
  107  6:29  Roach x2  
  107  6:31  Roach  
  113  6:34  Roach x2  
  113  6:36  Roach  
  113  6:38  Roach  
  113  6:39  Roach  
  123  6:41  Roach  
  123  6:46  Roach  
  129  6:47  Roach  
  129  6:49  Roach x2  
  129  6:50  Roach  
  129  6:51  Roach  
  137  7:01  Roach  
  137  7:04  Overlord  
  137  7:08  Overlord x2  
  137  7:10  Hatchery  
  137  7:12  Overlord  
  137  7:14  Overlord  
  136  7:23  Roach x3  
  136  7:24  Roach x2  
  136  7:26  Overlord x2  
  148  7:30  Roach  
  148  7:32  Ravager x7  
  148  7:34  Roach  
  157  7:37  Overseer  
  157  7:38  Zergling x10  
  157  7:40  Roach  
  164  7:44  Roach  
  164  7:45  Roach  
  164  7:46  Roach  
Show
View Real Time Build Order
Export as new Build Order

ElegancE Protoss 

Build Orders: 1 Gate Expand, Blink Stalkers, Dark Templar Rush 

Get SALT Encoding   

  12  0:01  Probe  
  13  0:13  Probe  
  14  0:20  Pylon  
  14  0:25  Probe  
  15  0:35  Probe  
  15  0:39  Gateway  
  16  0:43  Probe  
  16  0:49  Assimilator  
  17  0:52  Probe  
  18  1:00  Probe  
  18  1:08  Probe  
  20  1:19  Probe  
  21  1:31  Nexus  
  21  1:42  Cybernetics Core  
  21  1:46  Probe  
  22  1:49  Assimilator  
  22  1:58  Pylon  
  22  2:00  Probe  
  23  2:09  Adept  
  23  2:16  Probe  
  23  2:19  Warp Gate  
  26  2:28  Probe  
  27  2:35  Stalker  
  27  2:36  Twilight Council  
  29  2:43  Probe x2  
  31  2:55  Probe  
  29  3:07  Probe  
  30  3:18  Probe  
  31  3:26  Probe  
  31  3:27  Pylon  
  32  3:28  Probe, Dark Shrine  
  33  3:36  Probe  
  33  3:38  Blink, Probe  
  35  3:44  Probe  
  35  3:45  Gateway  
  35  3:50  Probe  
  37  3:56  Probe  
  38  4:03  Probe  
  38  4:04  Shield Battery  
  38  4:08  Probe  
  38  4:18  Probe  
  39  4:24  Probe  
  39  4:29  Robotics Facility  
  39  4:30  Probe  
  41  4:31  Pylon  
  41  4:34  Assimilator  
  41  4:36  Probe  
  41  4:37  Assimilator  
  42  4:42  Probe  
  42  4:43  Dark Templar x2  
  47  4:49  Probe  
  48  4:53  Gateway  
  48  4:54  Probe  
  49  5:01  Gateway, Probe  
  49  5:04  Gateway  
  50  5:10  Gateway  
  50  5:16  Warp Prism  
  50  5:20  Probe  
  49  5:22  Gateway  
  49  5:30  Probe  
  50  5:41  Pylon  
  50  5:42  Pylon  
  50  5:45  Stalker x2  
  54  5:52  Stalker  
  56  6:05  Stalker x2  
  56  6:06  Stalker  
  56  6:10  Pylon  
  62  6:13  Stalker x2, Charge  
  62  6:14  Pylon  
  66  6:20  Probe  
  66  6:24  Observer  
  68  6:32  Stalker x3  
  74  6:36  Stalker  
  76  6:40  Stalker  
  70  7:19  Stalker  
  70  7:20  Stalker x6  
  80  7:33  Pylon x2  
  80  7:43  Stalker x4  
  80  7:44  Stalker x3  
Tags
 
Add a new tag
Caveats
  • Supply blocks, unpowered buildings, or Contaminate may cause inaccurate times.
  • Supply counts are checked every 10 seconds.